Map: Data-C

Players

ShoWTimE - Winner!

  • Race: Protoss Protoss
  • Spawn Location: 9:00

Solar

  • Race: Zerg Zerg
  • League: Master
  • Spawn Location: 3:00

Event: HomeStory Cup XXII

VOD

Have the link to the VOD?

Description

Time

  • Played on: Dec. 17, 2022, 2:25 p.m.
  • Length: 8:22

All games in this series

Show
View Real Time Build Order
Export as new Build Order

ShoWTimE Protoss - Winner!

Build Orders: 1 Gate Expand, Oracle Opening 

Get SALT Encoding   

  12  0:00  Probe  
  13  0:12  Probe  
  14  0:18  Pylon  
  14  0:24  Probe (Chrono Boost)  
  15  0:36  Probe (Chrono Boost)  
  15  0:39  Gateway  
  16  0:45  Probe (Chrono Boost)  
  16  0:46  Assimilator  
  17  0:51  Probe  
  18  1:03  Probe  
  19  1:15  Probe  
  20  1:24  Nexus  
  20  1:27  Probe  
  21  1:38  Cybernetics Core  
  21  1:43  Assimilator  
  21  1:45  Probe  
  22  1:51  Pylon  
  22  1:58  Probe  
  23  2:10  Probe (Chrono Boost)  
  23  2:14  Adept  
  26  2:17  Stargate  
  26  2:21  Probe (Chrono Boost)  
  27  2:26  Probe (Chrono Boost)  
  27  2:27  Warp Gate  
  28  2:36  Probe (Chrono Boost)  
  30  2:42  Probe (Chrono Boost)  
  30  2:44  Stalker  
  30  2:45  Probe (Chrono Boost)  
  30  2:49  Probe (Chrono Boost)  
  30  2:51  Probe  
  35  3:00  Probe  
  35  3:01  Oracle (Chrono Boost)  
  35  3:03  Probe  
  40  3:11  Pylon  
  40  3:12  Probe  
  41  3:15  Probe  
  42  3:24  Probe  
  43  3:27  Probe  
  43  3:28  Oracle (Chrono Boost)  
  47  3:40  Nexus  
  47  3:41  Probe x2  
  49  3:44  Pylon  
  49  3:49  Assimilator  
  49  3:51  Assimilator  
  49  3:53  Probe x2  
  51  3:55  Oracle (Chrono Boost)  
  54  4:05  Probe  
  54  4:06  Probe  
  54  4:07  Gateway  
  56  4:15  Adept  
  58  4:17  Probe  
  58  4:18  Probe, Pylon  
  60  4:29  Probe  
  60  4:30  Probe  
  62  4:34  Forge  
  62  4:36  Oracle (Chrono Boost)  
  65  4:42  Probe (Chrono Boost)  
  65  4:43  Probe (Chrono Boost)  
  67  4:45  Adept  
  67  4:46  Robotics Facility  
  67  4:49  Pylon  
  67  4:52  Probe (Chrono Boost)  
  70  4:55  Probe (Chrono Boost)  
  72  5:00  Probe (Chrono Boost), Gateway  
  72  5:02  Probe (Chrono Boost)  
  72  5:03  Probe (Chrono Boost)  
  72  5:05  Sentry  
  72  5:06  Sentry, Probe (Chrono Boost)  
  72  5:07  Probe (Chrono Boost)  
  79  5:09  Probe  
  81  5:18  Probe x2  
  81  5:21  Probe  
  84  5:23  Shield Battery  
  84  5:25  Shield Battery  
  84  5:30  Probe x2, Pylon  
  84  5:33  Probe  
  84  5:34  Immortal (Chrono Boost)  
  81  5:35  Protoss Ground Weapons Level 1 (Chrono Boost)  
  81  5:41  Pylon  
  81  5:42  Probe x2  
  87  5:45  Probe  
  87  5:47  Photon Cannon  
  87  5:48  Sentry  
  90  5:53  Photon Cannon  
  90  5:54  Probe x2  
  90  5:55  Pylon  
  90  5:56  Stalker  
  94  5:57  Probe  
  94  6:00  Stalker  
  97  6:06  Probe  
  97  6:07  Probe  
  97  6:09  Probe  
  100  6:13  Zealot  
  100  6:16  Pylon  
  100  6:17  Shield Battery  
  102  6:18  Probe  
  102  6:22  Assimilator  
  103  6:25  Photon Cannon  
  103  6:26  Twilight Council, Warp Prism (Chrono Boost)  
  103  6:28  Sentry x2  
  103  6:31  Assimilator  
  109  6:34  Gateway  
  109  6:35  Gateway  
  109  6:37  Gateway  
  109  6:40  Gateway  
  109  6:51  Sentry, Stalker x2  
  109  6:53  Pylon  
  115  6:55  Observer  
  115  7:01  Pylon  
  116  7:18  Dark Shrine, Pylon  
  116  7:20  Robotics Bay  
  116  7:21  Pylon  
  116  7:24  Stalker x3  
  122  7:35  Zealot x4  
  128  7:47  Zealot x3  
  125  7:53  Probe x2  
  125  7:56  Zealot x4  
  120  8:11  Zealot x3  
  121  8:17  Nexus  
Show
View Real Time Build Order
Export as new Build Order

Solar Zerg 

Build Orders: Hatch First 

Get SALT Encoding   

  12  0:00  Drone  
  13  0:12  Overlord  
  13  0:16  Drone  
  14  0:30  Drone x2  
  16  0:48  Hatchery  
  15  0:52  Drone  
  15  0:55  Drone  
  17  0:58  Drone  
  18  1:09  Extractor  
  17  1:13  Spawning Pool  
  17  1:16  Drone  
  17  1:20  Drone  
  18  1:28  Drone  
  19  1:38  Drone  
  20  1:48  Overlord  
  20  2:00  Zergling x2, Queen x2  
  25  2:01  Zergling x2  
  26  2:11  Drone x2  
  26  2:13  Metabolic Boost  
  28  2:21  Drone  
  28  2:22  Drone  
  30  2:36  Hatchery  
  29  2:38  Drone  
  30  2:45  Queen  
  30  2:49  Overlord  
  32  2:51  Drone  
  32  2:56  Drone  
  34  2:59  Drone x2  
  36  3:06  Queen  
  36  3:12  Drone x3  
  41  3:17  Overlord  
  41  3:20  Drone x2  
  43  3:31  Spore Crawler, Queen  
  44  3:36  Drone x3  
  47  3:41  Overlord  
  47  3:46  Drone  
  47  3:47  Queen, Evolution Chamber  
  49  3:48  Drone  
  51  3:55  Drone x3  
  51  3:56  Drone  
  51  4:00  Drone x2  
  51  4:01  Drone  
  58  4:02  Drone  
  58  4:06  Overlord  
  58  4:10  Drone x2  
  58  4:13  Zerg Melee Weapons Level 1  
  60  4:18  Drone  
  60  4:19  Extractor  
  60  4:23  Drone x3  
  60  4:24  Spore Crawler, Drone  
  63  4:28  Queen  
  65  4:32  Drone x2  
  65  4:34  Baneling Nest  
  65  4:35  Drone  
  65  4:37  Overlord  
  67  4:41  Zergling x2  
  67  4:42  Zergling x4  
  64  4:46  Drone  
  64  4:51  Zergling x8  
  69  4:54  Drone x2  
  69  4:56  Drone x2  
  73  5:02  Zergling x6  
  73  5:03  Zergling x2  
  77  5:10  Hatchery  
  77  5:13  Overlord  
  74  5:19  Zergling x8  
  77  5:27  Zergling x8  
  80  5:28  Zergling x2  
  80  5:29  Zergling x2  
  80  5:33  Zergling x4  
  81  5:37  Zergling x6  
  81  5:41  Baneling x3  
  84  5:48  Baneling x11  
  84  5:49  Zergling x4  
  86  5:51  Zergling x2  
  86  5:55  Overlord  
  86  5:56  Zergling x4  
  89  5:58  Drone  
  89  6:01  Drone  
  87  6:05  Drone  
  87  6:06  Lair  
  87  6:07  Drone  
  87  6:09  Drone x2  
  87  6:10  Drone  
  87  6:11  Drone  
  85  6:13  Drone  
  85  6:15  Drone  
  85  6:16  Drone  
  85  6:18  Zergling x4  
  81  6:19  Zergling x2  
  81  6:21  Zergling x4  
  81  6:24  Zergling x4  
  80  6:28  Drone x3  
  80  6:30  Extractor  
  80  6:31  Drone, Extractor  
  82  6:33  Drone x2  
  82  6:35  Drone  
  82  6:36  Drone  
  82  6:39  Drone  
  87  6:41  Overlord  
  87  6:42  Drone x3  
  87  6:46  Roach Warren  
  89  6:47  Drone  
  89  6:49  Drone x2  
  89  6:50  Drone  
  89  6:51  Drone  
  89  6:52  Drone  
  89  6:53  Drone  
  96  6:54  Drone  
  96  7:03  Zergling x14  
  96  7:04  Spore Crawler  
  96  7:06  Zergling x4  
  104  7:11  Zergling x8  
  104  7:14  Zergling x2, Overlord  
  108  7:15  Overlord  
  108  7:17  Zergling x4  
  108  7:19  Overlord  
  108  7:20  Overlord  
  108  7:22  Overlord  
  110  7:29  Roach  
  111  7:34  Roach x3  
  116  7:38  Zergling x12  
  116  7:44  Zergling x10  
  118  7:49  Ravager  
  118  7:50  Zergling x8  
  120  7:55  Roach x3  
  120  7:58  Roach  
  122  8:00  Zergling x2  
  122  8:01  Zergling x4  
  122  8:04  Zergling x4  
  111  8:10  Ravager  
Tags
 
Add a new tag
Caveats
  • Supply blocks, unpowered buildings, or Contaminate may cause inaccurate times.
  • Supply counts are checked every 10 seconds.